 Dungeon Crawl Stone Soup version 0.25-a0-42-g6c54e25894 (webtiles) character file.

Game seed: 5636073798387017421, levelgen mode: deterministic

67 Chiseanne the Magician (level 3, -2/24 HPs)
             Began as a Demonspawn Wanderer on Oct 22, 2019.
             Slain by a leopard gecko (4 damage)
             ... on level 2 of the Dungeon.
             The game lasted 00:03:46 (2626 turns).

Chiseanne the Magician (Demonspawn Wanderer)        Turns: 2626, Time: 00:03:46

Health: -2/24      AC:  4    Str: 13    XL:     3   Next: 98%
Magic:  0/6        EV: 13    Int: 16    God:
Gold:   93         SH:  0    Dex:  9    Spells: 4/7 levels left

rFire    . . .     SeeInvis .   a - +1 dagger (flame)
rCold    . . .     Gourm    .   (no shield)
rNeg     . . .     Faith    .   d - +1 robe
rPois    .         Spirit   .   (no helmet)
rElec    .         Reflect  .   (no cloak)
rCorr    .         Harm     .   (no gloves)
MR       .....                  n - +0 pair of boots
Stlth    +++.......             (no amulet)
HPRegen  0.08/turn              (no ring)
MPRegen  0.10/turn              (no ring)

@: lethally poisoned (-2 -> -5), very slightly contaminated
A: repulsion field 1, nightstalker 1
a: no special abilities


You were on level 2 of the Dungeon.
You were not hungry.

You visited 1 branch of the dungeon, and saw 2 of its levels.

You collected 93 gold pieces.

Inventory:

Hand Weapons
 a - a +1 dagger of flaming (weapon)
 f - a +0 dagger
 m - a +0 club
Missiles
 b - 23 arrows
 l - 4 stones (quivered)
Armour
 d - a +1 robe (worn)
 n - a +0 pair of boots (worn)
Jewellery
 j - an uncursed ring of fire {unknown}
Scrolls
 h - a scroll of immolation
 k - 3 scrolls of identify {unknown}
 p - 2 scrolls of remove curse {unknown}
 q - 3 scrolls of teleportation {unknown}
 r - 2 scrolls of magic mapping
 t - a scroll of random uselessness {unknown}
Potions
 c - 2 potions of lignification
 e - a potion of agility {unknown}
 i - a potion of mutation {unknown}
 o - 2 potions of curing {unknown}
Comestibles
 g - 5 rations
 s - 2 chunks of flesh


   Skills:
 * Level 1.1 Dodging
 * Level 2.0 Stealth
 * Level 2.6 Spellcasting
 * Level 2.0 Conjurations
   Level 2.0 Hexes
   Level 1.1 Necromancy
 * Level 2.4 Fire Magic


You had 4 spell levels left.
You knew the following spells:

 Your Spells              Type           Power        Failure   Level  Hunger
a - Throw Flame           Conj/Fire      #.....       12%         2    ##.....
b - Flame Tongue          Conj/Fire      #....        8%          1    #......

Your spell library contained the following spells:

 Spells                   Type           Power        Failure   Level  Hunger
 Conjure Flame            Conj/Fire      #.......     24%         3    ###....
 Inner Flame              Hex/Fire       #.......     24%         3    ###....
 Poisonous Vapours        Pois/Air       #.....       30%         2    ##.....
 Swiftness                Chrm/Air       #.......     30%         2    ##.....
 Sticky Flame             Conj/Fire      #.......     61%         4    #####..
 Fireball                 Conj/Fire      #.........   91%         5    ######.


Dungeon Overview and Level Annotations

Branches:
Dungeon (2/15)

Altars:


Innate Abilities, Weirdness & Mutations

You are surrounded by a mild repulsion field. (EV +2)
You are slightly more attuned to the shadows.


Message History

Confirm with . or Enter, or press ? or * to list all spells.
You don't have enough magic to cast that spell.
Casting: Flame Tongue (safe; 8% risk of failure)
Confirm with . or Enter, or press ? or * to list all spells.
You don't have enough magic to cast that spell.
Casting: Flame Tongue (safe; 8% risk of failure)
Confirm with . or Enter, or press ? or * to list all spells.
You don't have enough magic to cast that spell.
You miss the adder.
The adder is lightly wounded.
The adder bites you. The leopard gecko bites you.
* * * LOW HITPOINT WARNING * * *
You hit the adder. You burn the adder.
The adder is heavily wounded.
You feel sick. The adder bites you but does no damage.
The dart slug launches a dart at you. The slug dart hits you.
* * * LOW HITPOINT WARNING * * *
The leopard gecko bites you.
You die...

*,,,,,* *,,,,,* **########.....*
*,.............#
*******,.............#
*,,,,,,,........$....*
*,,,,,,,...........#*##########
*,,,,,,,.....w.....#.........#.
####<,,,,,.....S@....#.........#.
....,,,,,,.....l.....#.........#.
###*,,*,,,......##.............#.
*,,*,,,......*#...............
*,,*,,,......*###.............
####.,,,,,......####.............
.....,,,,,......+................
....#,**,,,,,,..####...######....
###.#,****,*,,.......#.# #....


You could see an adder, a dart slug and a leopard gecko.

Vanquished Creatures
  Jessica (D:2)
  2 dart slugs (D:1)
  2 leopard geckos (D:1)
  2 giant cockroaches
  4 goblins
  6 hobgoblins
  A quokka (D:2)
  2 ball pythons
  4 bats
  7 frilled lizards
  3 kobolds (D:1)
  3 rats
37 creatures vanquished.

Notes
Turn   | Place    | Note
-------+----------+-------------------------------------------
     0 | D:1      | Chiseanne the Demonspawn Wanderer began the quest for the
                  | Orb.
     0 | D:1      | Chiseanne set off with the following items: a +0 club, a
                  | potion of lignification, a +0 robe, a +0 dagger, a ration;
                  | and the following spell memorised: Flame Tongue; and the
                  | following spells available to memorise: Throw Flame, Inner
                  | Flame, Poisonous Vapours, Swiftness, Conjure Flame, Sticky
                  | Flame, Fireball
     0 | D:1      | Reached XP level 1. HP: 13/13 MP: 3/3
   381 | D:1      | Gained mutation: You are surrounded by a mild repulsion
                  | field. (EV +2) [demonic ancestry]
   381 | D:1      | Reached XP level 2. HP: 7/19 MP: 0/5
   950 | D:1      | Learned a level 2 spell: Throw Flame
  1698 | D:1      | Gained mutation: You are slightly more attuned to the
                  | shadows. [demonic ancestry]
  1698 | D:1      | Reached XP level 3. HP: 17/24 MP: 1/6
  2178 | D:2      | Noticed Jessica
  2184 | D:2      | Killed Jessica
  2184 | D:2      | Reached skill level 1 in Dodging
  2443 | D:2      | Found a faded altar of an unknown god.
  2626 | D:2      | Slain by a leopard gecko

Levels and vault maps discovered:
D:1:      minmay_arrival_pointy, layout_loops_ring
D:2:      layout_basic, chequers_ecumenical_altar_twisty, uniq_jessica

Skill      XL: |  1  2  3 |
---------------+----------+-----
Fire Magic     | 2 |  2.4
Dodging        | 1 |  1.1
Stealth        | 2 |  2.0
Conjurations   | 2 |  2.0
Spellcasting   | |  2.6
Hexes          | |  2.0
Necromancy     | |  1.1

Action                   || total
-------------------------++-------
Melee: Club              ||    25
       Short sword       ||    24
       Dagger            ||    11
 Cast: Flame Tongue      ||    28
       Throw Flame       ||    32
  Use: Scroll            ||     3
  Eat: Chunk             ||     8
Armor: Robe              ||    27
Dodge: Dodged            ||    70

Table legend:
 A = Non-vault XP
 B = Vault XP
 C = Vault XP percentage of total XP
 D = Non-vault monster count
 E = Vault monster count
 F = Vault count percentage of total count
                 A         B        C        D         E       F
            +---------+---------+-------+---------+---------+-------
      Total |      59 |      37 |  38.5 |      36 |       1 |   2.7
            +---------+---------+-------+---------+---------+-------
        D:1 |      42 |       0 |   0.0 |      25 |       0 |   0.0
        D:2 |      17 |      37 |  68.5 |      11 |       1 |   8.3
            +---------+---------+-------+---------+---------+-------
